 Dungeon Crawl Stone Soup version 0.29.0-3-gbb0933ed62 (webtiles) character file.

Game seed: 5931913930445016098

12769 gelatine the Fighter (level 11, -16/87 (92) HPs)
             Began as a Demonspawn Berserker on Aug 25, 2022.
             Was a High Priest of Trog.
             Demolished by an orc warlord
             ... wielding a +2 great sword of draining
              (23 damage)
             ... on level 1 of the Orcish Mines.
             The game lasted 00:41:40 (11418 turns).

gelatine the Fighter (Demonspawn Berserker)        Turns: 11418, Time: 00:41:41

HP:   -16/87 (92)   AC: 14    Str: 22    XL:     11   Next: 66%
MP:   11/11         EV: 17    Int: 13    God:    Trog [*****.]
Gold: 545           SH:  3    Dex: 12    Spells: 10/10 levels left

rFire   . . .      SeeInvis +   G - +9 hand axe of the Vendetta {venom, Fragile rElec rPois rN+}
rCold   . . .      Faith    .   P - +0 buckler
rNeg    + . .      Spirit   .   y - +3 leather armour
rPois   +          Reflect  .   R - +2 hat {SInv}
rElec   +          Harm     .   p - +0 cloak {rPois}
rCorr   +          Rampage  .   D - +2 pair of gloves {Stlth+}
Will    ++...                   E - +0 pair of boots
Stlth   +++.......              m - amulet of the acrobat
HPRegen 1.24/turn               f - ring of resist corrosion
MPRegen 0.24/turn               Y - +4 ring of evasion

@: strong-willed, on berserk cooldown, regenerating, slowed, drained, very slow
A: horns 2, demonic guardian 3, magic regeneration, big brain 2
a: Renounce Religion, Berserk, Trog's Hand, Brothers in Arms


You were on level 1 of the Orcish Mines.
You worshipped Trog.
Trog was extremely pleased with you.
You visited 2 branches of the dungeon, and saw 12 of its levels.
You also visited: Sewer.

You collected 941 gold pieces.
You spent 396 gold pieces at shops.

Inventory:

Hand Weapons
 a - a +2 quarterstaff of chaos
 j - a +0 dire flail
 G - the +9 hand axe of the Vendetta (weapon) {venom, Fragile rElec rPois rN+}
   (You found it on level 6 of the Dungeon)

   It poisons the flesh of those it strikes.
   rElec:     It insulates you from electricity.
   rPois:     It protects you from poison.
   rN:        It protects you from negative energy.
   Fragile:   It will be destroyed if unequipped.
 J - a +3 battleaxe of electrocution
 L - a +3 vampiric hand axe
 U - a +0 demon whip of venom
Missiles
 M - 12 poisoned darts (quivered)
 N - 33 stones
 T - 9 boomerangs
 Z - 2 curare-tipped darts
Armour
 p - a +0 cloak of poison resistance (worn)
 y - a +3 leather armour (worn)
 D - a +2 pair of gloves of stealth (worn)
 E - a +0 pair of boots (worn)
 H - a +0 plate armour of poison resistance
 P - a +0 buckler (worn)
 Q - +0 steam dragon scales
 R - a +2 hat of see invisible (worn)
Jewellery
 f - a ring of resist corrosion (left hand)
 g - a ring of flight
 m - an amulet of the acrobat (around neck)
 u - a ring of protection from fire
 K - a +6 ring of intelligence
 V - a ring of protection from fire
 Y - a +4 ring of evasion (right hand)
Wands
 W - a wand of charming (4)
Scrolls
 c - 4 scrolls of noise
 e - a scroll of vulnerability
 l - 4 scrolls of blinking
 n - 8 scrolls of butterflies
 o - 3 scrolls of fear
 r - 4 scrolls of teleportation
 s - 2 scrolls of enchant weapon
 x - a scroll of torment
 z - a scroll of summoning
 C - a scroll of magic mapping
 F - 3 scrolls of enchant armour {unknown}
 I - 2 scrolls of immolation {unknown}
 X - a scroll of brand weapon {unknown}
Potions
 b - a potion of lignification
 d - 6 potions of curing
 h - a potion of haste
 k - 4 potions of heal wounds
 q - 2 potions of degeneration {unknown}
 t - 4 potions of cancellation {unknown}
 v - a potion of mutation
 w - 2 potions of magic {unknown}
 A - 3 potions of might {unknown}
 O - a potion of flight
 S - a potion of attraction {unknown}
Miscellaneous
 i - a tin of tremorstones (1/2)


   Skills:
 * Level 10.7 Fighting
 + Level 0.1 Short Blades
 + Level 10.1(11.0) Axes
 + Level 6.7(9.4) Maces & Flails
 + Level 5.1 Armour
 + Level 6.4 Dodging
 + Level 3.3 Stealth


You had 10 spell levels left.
You didn't know any spells.
Your spell library was empty.

Dungeon Overview and Level Annotations

Branches:
Dungeon (10/15)            Temple (0/1) D:7             Orc (2/2) D:9
  Sewer (visited)
   Lair: D:8-11         Elf: Orc:2

Altars:
Ashenzari
Cheibriados
Dithmenos
Gozag
Hepliaklqana
Kikubaaqudgha
Makhleb
Nemelex Xobeh
Ru
Trog
Uskayaw
Vehumet
Xom
Yredelemnul

Shops:
D:6 [   Orc:1 !   Orc:2 !

Annotations:
D:10 2 transporters, foggy's ghost, journeyman MiFi


Innate Abilities, Weirdness & Mutations

You have a pair of horns on your head.
A powerful demonic guardian rushes to your aid.
You regenerate magic rapidly.
You have an extremely huge brain. (Int +4)


Message History

Trog accepts your kill. Trog grants you a weapon!
Something appears at your feet!
You see here a +4 broad axe.
The burst of rock shards engulfs the orc warrior.
The burst of rock shards engulfs the orc!!
You kill the orc!
Trog accepts your kill.
The burst of rock shards engulfs the orc!
You kill the orc!
Trog accepts your kill. x2
Trog appreciates your killing of a magic user.
You feel a bit more experienced. The burst of rock shards engulfs you.
The orc warrior unwields a +0 arbalest.
The orc warrior wields a +0 hand axe.
The orc warrior misses you. The orc warrior barely misses you.
Unknown command.
You feel much better.
The orc warlord hits you with a +2 great sword of draining!!
You partially resist.
You feel drained.
The orc warrior hits you from afar with a +1 halberd of protection.
The orc warrior misses you.
You hit the orc warlord but do no damage.
The orc warlord is poisoned.
Your headbutt misses the orc warlord.
The orc warlord is almost dead.
You hit the orc warrior but do no damage.
The orc warrior is poisoned.
The orc warlord closely misses you. The orc warrior misses you.
The orc warrior barely misses you.
The orc warrior hits you from afar with a +1 halberd of protection.
The orc warlord hits you with a +2 great sword of draining.
You partially resist.
You feel drained.
You hit the orc warlord but do no damage.
The orc warlord looks as sick as possible!
The orc warlord is almost dead.
You slash the orc warrior!
The orc warrior hits you with a +0 hand axe!
* * * LOW HITPOINT WARNING * * *
The orc warrior hits you from afar with a +1 halberd of protection!
* * * LOW HITPOINT WARNING * * *
A demonic guardian appears!
The orc warlord hits you with a +2 great sword of draining!!
You die... #...$#.......# ..#.......)....# ........#+#.).## .o.o.. #.≈8.).# ## o.oo

###.≈≈#..###.##
##oooo..∩..+...#...#
#..o.#≈≈.###......#
##...o)8≈.#3.......#
#.....).#o#@.......#####
.#.....)ohooo........#..
#...##).oo).##.........
.... #....o..##.........
#.. #^............#..###
..
##.###.#.##......#.##.##
#
####.#####............#
#... ##............
#...####.............


You could see an orc warlord (extremely poisoned, ally target), a warg, 3 orc
warriors, an orc priest (strong), 2 orcs and a friendly sun demon (summoned).

Vanquished Creatures
  Gastronok (D:8)
  A two-headed ogre (D:9)
  The ghost of NinjaNoafa the Grave Robber, a novice DsNe of Nemelex Xobeh (D:8)
  Amaemon (D:8)
  Pikel (D:6)
  An ugly thing (D:8)
  An orange demon (D:8)
  A troll (D:10)
  A slime creature (D:9)
  9 yaks (D:8)
  Eustachio (D:6)
  A wyvern (D:9)
  2 steam dragons
  Grum (D:8)
  Menkaure (D:5)
  A warg (Orc:1)
  2 acid dragons (D:9)
  Duvessa (D:5)
  3 ice beasts (D:8)
  10 orc warriors
  2 sky beasts (D:7)
  6 ogres
  3 wolves (D:8)
  3 centaurs (D:8)
  4 kobold brigands
  Blork the orc (D:6)
  2 gnoll sergeants (D:8)
  A scorpion (D:4)
  Dowan (D:5)
  7 killer bees
  2 howler monkeys (D:9)
  2 gnoll boudas
  8 orc priests
  4 hounds
  2 jellies
  Crazy Yiuf (D:6)
  2 iguanas (D:5)
  7 orc wizards
  A statue (D:5)
  2 killer bee zombies (D:8)
  A centaur simulacrum (D:9)
  9 gnolls
  12 adders
  2 shadow imps
  2 ufetubi
  A worm (D:2)
  2 dart slugs (D:2)
  54 orcs
  7 bats
  6 endoplasms
  8 giant cockroaches
  5 goblins
  8 hobgoblins
  4 jackals
  3 quokkas
  10 ball pythons
  7 frilled lizards
  29 kobolds
  6 rats
278 creatures vanquished.

Vanquished Creatures (collateral kills)
  A centaur warrior (D:9)
  2 yaks
  An acid dragon (D:8)
  An orc warrior (Orc:1)
  Pargi (Sewer)
  An ice beast (D:6)
  A bullfrog (D:9)
  2 orc priests
  An orc wizard (D:7)
  A goblin (D:4)
  A quokka (D:2)
  A rat (D:2)
14 creatures vanquished.

Vanquished Creatures (others)
  5 demonic plants (D:2)
  4 fungi (D:2)
  4 plants (D:2)
  4 withered plants (D:2)
17 creatures vanquished.

Grand Total: 309 creatures vanquished

Notes
Turn   | Place    | Note
-------+----------+-------------------------------------------
     0 | D:1      | gelatine the Demonspawn Berserker began the quest for the
                  | Orb.
     0 | D:1      | Reached XP level 1. HP: 18/18 MP: 1/1
   397 | D:1      | Gained mutation: You have a pair of small horns on your
                  | head. [demonic ancestry]
   397 | D:1      | Reached XP level 2. HP: 21/24 MP: 2/2
  1693 | D:2      | Gained mutation: A weak demonic guardian rushes to your
                  | aid. [demonic ancestry]
  1693 | D:2      | Reached XP level 3. HP: 29/29 MP: 3/3
  2060 | D:2      | Found a faded altar of an unknown god.
  2098 | D:2      | Reached ** piety under Trog
  2364 | D:2      | Found a basalt altar of Yredelemnul.
  2892 | D:3      | Gained mutation: You have an unusually large brain. (Int
                  | +2) [demonic ancestry]
  2892 | D:3      | Reached XP level 4. HP: 37/37 MP: 4/4
  2909 | D:3      | Found a shadowy altar of Dithmenos.
  3156 | D:3      | Noticed an angel
  3281 | D:3      | Found a burning altar of Makhleb.
  3283 | D:3      | Found a blossoming altar of Fedhas.
  3283 | D:3      | Found a shimmering altar of Xom.
  3285 | D:3      | Found a sparkling altar of Nemelex Xobeh.
  3285 | D:3      | Found a bloodstained altar of Trog.
  3503 | D:4      | Gained mutation: A demonic guardian rushes to your aid.
                  | [demonic ancestry]
  3503 | D:4      | Reached XP level 5. HP: 42/42 MP: 5/5
  3599 | D:4      | Found a glowing drain.
  3618 | Sewer    | Entered a sewer
  3726 | Sewer    | Noticed Pargi
  3737 | Sewer    | Killed Pargi
  3999 | D:4      | Noticed an ogre
  4006 | D:4      | Killed an ogre
  4007 | D:4      | Gained mutation: A powerful demonic guardian rushes to your
                  | aid. [demonic ancestry]
  4007 | D:4      | Reached XP level 6. HP: 49/49 MP: 6/6
  4257 | D:4      | Reached *** piety under Trog
  4380 | D:4      | Reached XP level 7. HP: 55/55 MP: 7/7
  4588 | D:5      | Entered Level 5 of the Dungeon
  4612 | D:5      | Noticed Dowan
  4612 | D:5      | Noticed Duvessa
  4617 | D:5      | Noticed Menkaure
  4625 | D:5      | Killed Duvessa
  4626 | D:5      | Reached skill level 5 in Fighting
  4632 | D:5      | Killed Menkaure
  4635 | D:5      | Killed Dowan
  4933 | D:5      | Reached skill level 5 in Maces & Flails
  4936 | D:5      | Gained mutation: You have a pair of horns on your head.
                  | [demonic ancestry]
  4936 | D:5      | Reached XP level 8. HP: 54/63 MP: 8/8
  5006 | D:5      | Found a hide-covered altar of Uskayaw.
  5006 | D:5      | Noticed a +0 hand axe
  5006 | D:5      | Noticed a +0 hand axe
  5036 | D:5      | Found a radiant altar of Vehumet.
  5154 | D:5      | Found a bloodstained altar of Trog.
  5229 | D:5      | Found an ancient bone altar of Kikubaaqudgha.
  5374 | D:6      | Found a broken altar of Ashenzari.
  5392 | D:6      | Found Edoeho's Antique Armour Shop.
  5406 | D:6      | Bought a pair of runed gloves for 210 gold pieces
  5406 | D:6      | Bought a pair of boots for 126 gold pieces
  5584 | D:6      | Found a sacrificial altar of Ru.
  5617 | D:6      | Identified the +9 hand axe of the Vendetta {venom, Fragile
                  | rElec rPois rN+}
  5626 | D:6      | Noticed Eustachio
  5637 | D:6      | Killed Eustachio
  5668 | D:6      | Noticed Pikel
  5676 | D:6      | Killed Pikel
  5724 | D:6      | Reached skill level 1 in Stealth
  5937 | D:6      | Noticed Blork the orc
  5946 | D:6      | Killed Blork the orc
  6080 | D:6      | Found a runed translucent door.
  6081 | D:6      | Noticed Crazy Yiuf
  6088 | D:6      | Killed Crazy Yiuf
  6367 | D:7      | Found a snail-covered altar of Cheibriados.
  6400 | D:7      | Found a burning altar of Makhleb.
  6409 | D:7      | Reached XP level 9. HP: 71/71 MP: 9/9
  6867 | D:7      | Found a staircase to the Ecumenical Temple.
  7319 | D:8      | Noticed a meliai
  7320 | D:8      | Noticed a white ugly thing
  7327 | D:8      | Noticed Amaemon
  7330 | D:8      | Noticed a seven-headed hydra
  7331 | D:8      | Reached skill level 5 in Axes
  7331 | D:8      | Noticed an orange demon
  7332 | D:8      | HP: 3/72 [orc/+0 club (2)]
  7725 | D:8      | Reached **** piety under Trog
  7942 | D:8      | Gained mutation: You regenerate magic rapidly. [demonic
                  | ancestry]
  7942 | D:8      | Reached XP level 10. HP: 56/80 MP: 10/10
  8196 | D:8      | Found a hazy altar of Hepliaklqana.
  8243 | D:8      | Noticed Gastronok
  8253 | D:8      | Killed Gastronok
  8254 | D:8      | Reached skill level 5 in Dodging
  8491 | D:8      | Noticed Grum
  8512 | D:8      | Killed Grum
  8791 | D:8      | Killed a white ugly thing
  8988 | D:8      | Found a runed translucent gate.
  8988 | D:8      | Found a runed translucent gate.
  8988 | D:8      | Found a runed translucent gate.
  8988 | D:8      | Noticed NinjaNoafa's ghost (novice DsNe)
  8991 | D:8      | Found a basalt altar of Yredelemnul.
  9026 | D:8      | Killed NinjaNoafa's ghost
  9027 | D:8      | Gained mutation: You have an extremely huge brain. (Int +4)
                  | [demonic ancestry]
  9027 | D:8      | Reached XP level 11. HP: 89/89 MP: 11/11
  9153 | D:8      | Killed Amaemon
  9154 | D:8      | Reached skill level 5 in Armour
  9341 | D:8      | Found a sparkling altar of Nemelex Xobeh.
  9342 | D:8      | Found an opulent altar of Gozag.
  9446 | D:9      | Noticed a centaur warrior
  9461 | D:9      | Noticed a two-headed ogre
  9471 | D:9      | Killed a two-headed ogre
  9472 | D:9      | Reached skill level 10 in Fighting
  9489 | D:9      | Killed a centaur warrior
 10325 | D:9      | Reached ***** piety under Trog
 10446 | D:9      | You fall into a shaft and drop 1 floor!
 10446 | D:10     | Entered Level 10 of the Dungeon
 10510 | D:10     | Noticed foggy's ghost (journeyman MiFi)
 10511 | D:10     | Found a transporter.
 10511 | D:10     | Found a transporter.
 10511 | D:10     | Identified the +5 great mace of the Protecting Sybil
                  | {vorpal, rN+ Will+}
 10511 | D:10     | Noticed a two-headed ogre
 10513 | D:10     | Noticed a two-headed ogre
 10702 | D:9      | Found a staircase to the Orcish Mines.
 11041 | Orc:1    | Entered Level 1 of the Orcish Mines
 11124 | Orc:2    | Entered Level 2 of the Orcish Mines
 11126 | Orc:2    | Found Kafellef's Distillery.
 11138 | Orc:2    | Bought a potion of heal wounds for 60 gold pieces
 11355 | Orc:1    | Found Dugagidu's Distillery.
 11388 | Orc:1    | Noticed an orc warlord
 11407 | Orc:1    | Reached skill level 10 in Axes
 11415 | Orc:1    | Received a gift from Trog
 11418 | Orc:1    | Demolished by an orc warlord

Illustrated notes

Levels and vault maps discovered:
D:1:      dpeg_arrival_brainrot, layout_basic
D:2:      layout_basic, basic_altar, shapermc_ecumenical_altar_gd,
          nicolae_eternal_life, glass_columns_a
D:3:      layout_rooms, mainiacjoe_overflow_boulevard, doesnt_xom_only_xom,
          zin_angel, hangedman_glass_teeth, grunt_ministairs_2,
          solitary_fountain
D:4:      layout_basic, portal_sewer_entry_b
D:5:      layout_basic, dancing_weapons_uskayaw, vehumet_statue,
          mainiacjoe_overflow_chevrons, mainiacjoe_overflow_24_doors,
          feat_on_display, uniq_duvessa, uniq_menkaure
D:6:      layout_loops_ring, nicolae_ru_the_path_less_chosen,
          overflow_temple_1_default, serial_shops, shop_statue, uniq_pikel,
          uniq_crazy_yiuf_cottage, uniq_blork_the_orc, uniq_eustachio
D:7:      hellmonk_ruined_rings, layout_rooms,
          mainiacjoe_overflow_surrounded_room, makhleb_heckhound_becter,
          serial_co_window_serial, co_window_paths_a, co_window_paths_a,
          co_window_paths_a, co_window_corner_a, co_window_paths_b,
          co_window_2corner, co_window_corner_cb, co_window_2corner,
          co_window_of_opportunity_b, co_window_broadway_b, co_window_paths_c,
          glass_columns_b, glass_columns_b, glass_columns_a, glass_columns_a
D:8:      cheibrodos_fzero, layout_gridville, lemuel_round_altar,
          grunt_temple_overflow_opulence, nicolae_yredelemnul_ghost_church,
          minmay_tree_intersection, nrook_mini_vaults, uniq_amaemon,
          uniq_gastronok, uniq_grum
D:9:      layout_stronghold, minmay_orc_entry_temple_small,
          minmay_mirror_moons_of_madness
D:10:     layout_loops_ring, mainiacjoe_overflow_paths, david_lair_shrubbed,
          gammafunk_ghost_smash, uniq_lodul, uniq_harold
Orc:1:    layout_caves, serial_shops, nicolae_shop_hallway_plus
Orc:2:    hellmonk_orc_salted, layout_caves, basic_altar, serial_shops,
          nicolae_shop_hallway_plus

Skill      XL: |  1  2  3  4  5  6  7  8  9 10 11 |
---------------+----------------------------------+-----
Dodging        | 2 3 4 5 6 |  6.4
Axes           | 3 4 6 8 10 | 10.1
Armour         | 2 3 4 5 |  5.1
Fighting       | 4 5 6 8 9 10 | 10.7
Maces & Flails | 2 3 5 6 |  6.7
Stealth        | 1 2 3 |  3.3
Short Blades   | |  0.1

Action                   |  1- 3 |  4- 6 |  7- 9 | 10-12 || total
-------------------------+-------+-------+-------+-------++-------
Melee: Hand axe          |   137 |    32 |   127 |   236 ||   532
       Headbutt          |    14 |    17 |    43 |    51 ||   125
       Rapier            |     3 |       |       |       ||     3
       Punch             |     1 |       |     1 |     1 ||     3
       Dire flail        |       |    87 |    86 |       ||   173
Throw: Dart              |       |       |       |     4 ||     4
Invok: Berserk           |     1 |     3 |     5 |     4 ||    13
       Trog's Hand       |       |       |     1 |     1 ||     2
       Brothers in Arms  |       |       |       |     1 ||     1
Evoke: Tin of tremorston |       |       |       |     1 ||     1
  Use: Scroll            |     8 |     6 |     3 |     2 ||    19
       Potion            |       |       |       |     2 ||     2
 Stab: Sleeping          |       |       |     2 |     1 ||     3
Armor: Animal skin       |    14 |       |       |       ||    14
       Ring mail         |    10 |    33 |       |       ||    43
       Chain mail        |       |       |    24 |       ||    24
       Leather armour    |       |       |    65 |    71 ||   136
Dodge: Dodged            |   110 |   102 |   190 |   168 ||   570
Block: Buckler           |       |       |       |     8 ||     8
